 Dungeon Crawl Stone Soup version 0.22-a0-77-g0fd0111 (webtiles) character file.

133 oplop the Chiller (level 5, -1/33 HPs)
             Began as an Octopode Ice Elementalist on Jan 14, 2018.
             Slain by an orc (2 damage)
             ... on level 4 of the Dungeon.
             The game lasted 00:04:25 (2126 turns).

oplop the Chiller (Octopode Ice Elementalist)       Turns: 2126, Time: 00:04:26

Health: -1/33      AC:  6    Str:  7    XL:     5   Next: 16%
Magic:  0/9        EV: 14    Int: 19    God:
Gold:   71         SH:  0    Dex: 12    Spells: 2/10 levels left

rFire    . . .     SeeInvis .   d - +0 dagger
rCold    . . .     Gourm    .   (no shield)
rNeg     . . .     Faith    .   (helmet restricted)
rPois    .         Spirit   .   (no amulet)
rElec    .         Reflect  .   (no ring)
rCorr    .         Harm     .   (no ring)
MR       .....                  (no ring)
Stlth    +++.......             (no ring)
HPRegen  0.11/turn              (no ring)
MPRegen  0.11/turn              (no ring)
                                (no ring)
                                (no ring)

@: icy armour, slow
A: almost no armour, stealthy swim, amphibious, 8 rings, constrict 8, camouflage
1, gelatinous body 1
a: no special abilities


You were on level 4 of the Dungeon.
You were not hungry.

You visited 1 branch of the dungeon, and saw 4 of its levels.

You collected 71 gold pieces.

Inventory:

Hand Weapons
 d - a +0 dagger (weapon)
Scrolls
 c - 4 scrolls of identify {unknown}
 f - a scroll of blinking {unknown}
 j - 2 scrolls of immolation {unknown}
 k - a scroll of fear {unknown}
Potions
 e - a potion of invisibility {unknown}
 g - 4 potions of curing {unknown}
 h - a potion of mutation {unknown}
Books
 a - a book of Frost

   Spells                             Type                      Level
   a - Freeze                         Ice                          1
   b - Throw Frost                    Conjuration/Ice              2
   c - Ozocubu's Armour               Charms/Ice                   3
   d - Throw Icicle                   Conjuration/Ice              4
   e - Summon Ice Beast               Ice/Summoning                4
Comestibles
 b - 5 rations


   Skills:
 + Level 1.5 Fighting
 + Level 2.8 Dodging
 - Level 2.6 Stealth
 * Level 3.1 Spellcasting
   Level 1.0 Conjurations
 * Level 4.0 Ice Magic


You had 2 spell levels left.
You knew the following spells:

 Your Spells              Type           Power        Failure   Level  Hunger
a - Freeze                Ice            ###.         2%          1    None
b - Ozocubu's Armour      Chrm/Ice       ##......     19%         3    ###....
c - Summon Ice Beast      Ice/Summ       ##......     54%         4    ####...


Dungeon Overview and Level Annotations

Branches:
Dungeon (4/15)
 Temple: D:4-7

Altars:

Annotations:
D:3 exclusions: goblin, orc and orc wizard


Innate Abilities, Weirdness & Mutations

You cannot wear most types of armour.
You are very stealthy in the water. (Stealth+)
You are amphibious.
You can wear up to eight rings at the same time.
You can use your tentacles to constrict eight enemies at once.
Your skin changes colour to match your surroundings (Stealth+).
Your rubbery body absorbs attacks. (AC +1, EV +1)


Message History

Confirm with . or Enter, or press ? or * to list all spells.
Aiming: Freeze
Press: ? - help, Shift-Dir - straight line, f - orc
Aim: an orc, wielding a trident (heavily wounded, constricted by you)
You freeze the orc.
The orc is severely wounded.
You constrict the orc.
You kill the orc!
The orc hits you but does no damage.
You hit the orc. Your grab misses the orc.
The orc is lightly wounded.
The orc closely misses you.
You barely miss the orc. Your grab misses the orc. You squeeze the orc.
The orc is heavily wounded.
The orc hits you.
* * * LOW HITPOINT WARNING * * *
You closely miss the orc. You grab the orc.
The orc is heavily wounded.
You constrict the orc. The orc hits you.
You die...

#######
##.)...##
#...@<..#
#....o....#
#.........#
#.........#
#.........#
#.........#
#.........#
#.........#


You could see an orc.

Vanquished Creatures
  A hound (D:4)
  2 adders (D:2)
  2 oozes
  A worm (D:2)
  2 leopard geckos (D:2)
  11 orcs
  A ball python (D:3)
  3 bats
  2 giant cockroaches
  4 goblins
  7 hobgoblins
  3 jackals (D:2)
  3 quokkas
  3 frilled lizards (D:2)
  7 kobolds
  6 rats
58 creatures vanquished.

Notes
Turn   | Place    | Note
-------+----------+-------------------------------------------
     0 | D:1      | oplop the Octopode Ice Elementalist began the quest for the Orb.
     0 | D:1      | Reached XP level 1. HP: 11/11 MP: 3/3
    67 | D:1      | Reached XP level 2. HP: 7/17 MP: 3/5
   671 | D:2      | Reached XP level 3. HP: 13/22 MP: 3/6
   868 | D:2      | Reached skill level 1 in Fighting
  1071 | D:2      | Reached XP level 4. HP: 22/28 MP: 5/8
  1326 | D:2      | Found a faded altar of an unknown god.
  2011 | D:3      | Learned a level 3 spell: Ozocubu's Armour
  2016 | D:3      | Learned a level 4 spell: Summon Ice Beast
  2117 | D:4      | Reached skill level 4 in Ice Magic
  2117 | D:4      | Reached XP level 5. HP: 17/33 MP: 0/9
  2125 | D:4      | HP: 1/33 [orc (3)]
  2126 | D:4      | Slain by an orc

Vault maps used:
D:1:      dpeg_arrival_chase
D:2:      serial_glass, glass_columns_b, glass_columns_c,
          chequers_ecumenical_altar_simple
D:3:      minmay_hedge_maze, tgw_sif
D:4:      serial_shops, shop

Skill      XL: |  1  2  3  4 |
---------------+-------------+-----
Fighting       | 1 |  1.5
Spellcasting   | 3 |  3.1
Ice Magic      | 4 |  4.0
Dodging        | |  2.8
Stealth        | |  2.6
Conjurations   | |  1.0

Action                   |  1- 3 |  4- 6 || total
-------------------------+-------+-------++-------
Melee: Unarmed           |     7 |       ||     7
       Constrict         |    13 |    14 ||    27
       Tentacles         |     8 |     9 ||    17
       Dagger            |    54 |    53 ||   107
 Cast: Freeze            |    20 |    30 ||    50
       Ozocubu's Armour  |       |     1 ||     1
 Stab: Sleeping          |     6 |     2 ||     8
  Eat: Chunk             |     1 |     3 ||     4
Armor: Skin              |     7 |     9 ||    16
Dodge: Dodged            |    57 |    55 ||   112

Table legend:
 A = Spawn XP
 B = Non-spawn XP
 C = Spawn XP percentage of total XP
 D = Spawn monster count
 E = Non-spawn monster count
 F = Spawn count percentage of total count
 G = Total turns spent on level
                    A         B        C        D         E        F      G
               +---------+---------+-------+---------+---------+-------+---------
         Total |       0 |     190 |   0.0 |       0 |      58 |   0.0 |  2126
               +---------+---------+-------+---------+---------+-------+---------
           D:1 |       0 |      26 |   0.0 |       0 |      13 |   0.0 |   650
           D:2 |       0 |      70 |   0.0 |       0 |      25 |   0.0 |   906
           D:3 |       0 |      49 |   0.0 |       0 |      18 |   0.0 |   553
           D:4 |       0 |      45 |   0.0 |       0 |       2 |   0.0 |    17
               +---------+---------+-------+---------+---------+-------+---------
